Lightning vs Coyotes

Created - March 26, 2018 at 20:10

Goals
1 2 3 T
Lightning 0 1 0 1
Coyotes 2 1 0 3
Shots
1 2 3 T
Lightning 5 8 7 20
Coyotes 10 15 8 33

1st period

1. Coyotes , Chris Neil 6 (Brooks Laich 11, Eric Brewer 19) at 1:18
2. Coyotes , Josh Gorges 4 (Chris Neil 8, Greg Zanon 6) at 17:59

Penalties :
Nazem Kadri (Ari) for High sticking (Minor) at 13:29

2nd period

3. Lightning , Pierre-Luc Létourneau 2 (Jeff Schultz 20) at 6:35
4. Coyotes , Chris Neil 7 (Anton Stralman 41, Martin Samuelsson 10) at 15:15

Penalties :
Danny Richmond (TB.) for Hooking (Minor) at 7:36

3rd period

No Goal

Penalties :
Brad Richards (Ari) for Tripping (Minor) at 1:42

Goalie Stats

Jaroslav Halak (TB.), 30 saves from 33 shots - (0.909), L, 25-28-7, 60:00 minutes
Maxime Daigneault (Ari), 19 saves from 20 shots - (0.950), W, 10-2-2, 60:00 minutes

Players Stats for Lightning

Player Name              G  A  P  +/- PIM S  H  SB GA TA FO     MP     PP MP  PK MP  
------------------------------------------------------------------------------------
Andy Rogers              0  0  0  -1  0   0  0  0  1  0  0/0    15:42   0:14   1:11 
Brent Burns              0  0  0  -1  0   1  3  0  1  0  0/0    22:50   1:56   0:48 
Daniel Carcillo          0  0  0   0  0   1  2  1  0  0  0/0    16:51   1:49   0:55 
Danny Richmond           0  0  0  -1  2   1  4  1  0  0  0/0    20:16   1:48   0:00 
Henrik Zetterberg        0  0  0   0  0   0  0  1  3  1  2/3    19:36   2:08   0:00 
Jeff Schultz             0  1  1   0  0   1  3  0  1  3  0/0    24:36   1:48   1:11 
John Carlson             0  0  0   0  0   1  2  0  0  1  0/0    21:14   2:10   0:00 
Jordan Nolan             0  0  0   0  0   0  0  0  0  0  4/9    15:18   0:01   0:30 
Justin Schultz           0  0  0  -1  0   0  2  0  0  0  0/0    15:24   0:00   0:48 
Kris Versteeg            0  0  0   0  0   3  1  0  0  0  0/0    16:30   2:08   0:00 
Loui Eriksson            0  0  0  -1  0   2  0  0  0  0  0/0    13:23   0:01   0:00 
Mikael Backlund          0  0  0  -1  0   2  0  0  0  0  2/5     9:59   0:00   1:07 
Pierre-Luc Létourneau    1  0  1  -1  0   1  1  0  0  0  0/0     9:06   0:00   0:00 
Pierre-Marc Bouchard     0  0  0  -1  0   3  3  0  0  0  1/1    14:40   1:49   0:00 
Reilly Smith             0  0  0   0  0   1  3  1  0  0  2/3    17:45   0:01   0:00 
Robert Nilsson           0  0  0   0  0   2  2  0  0  2  10/26  19:52   2:08   0:22 
Sheldon Keefe            0  0  0  -1  0   0  0  1  2  0  0/0    11:06   0:00   1:04 
Steve Bernier            0  0  0  -1  0   1  2  0  0  0  0/0    13:52   1:49   0:00 

Players Stats for Coyotes

Player Name              G  A  P  +/- PIM S  H  SB GA TA FO     MP     PP MP  PK MP  
------------------------------------------------------------------------------------
Anton Stralman           0  1  1   1  0   1  0  0  1  1  0/0    23:49   1:07   1:30 
Brad Richards            0  0  0   0  2   1  1  1  0  0  13/28  19:24   1:16   0:34 
Brooks Laich             0  1  1   2  0   1  0  1  0  0  1/1    10:43   0:00   0:57 
Chris Neil               2  1  3   2  0   2  1  0  0  0  0/0    10:00   0:00   0:00 
Chris Stewart            0  0  0   0  0   2  0  0  0  0  0/0    16:02   0:43   0:00 
Enver Lisin              0  0  0   0  0   0  1  0  0  0  0/0    10:48   0:00   0:00 
Eric Brewer              0  1  1   1  0   0  2  0  1  1  0/0    19:44   0:52   1:30 
Greg Zanon               0  1  1   0  0   1  3  1  0  1  0/0    17:33   0:00   2:28 
Josh Gorges              1  0  1   0  0   2  2  1  0  1  0/0    17:23   0:00   2:28 
Kristopher Letang        0  0  0   1  0   0  1  2  0  0  0/0    22:43   1:07   0:00 
Marian Gaborik           0  0  0   0  0   3  1  1  0  2  1/1    18:54   1:16   0:00 
Mark Bell                0  0  0   0  0   1  0  0  0  0  0/0    12:36   0:00   0:41 
Martin Samuelsson        0  1  1   2  0   1  1  1  0  0  1/2    11:18   0:00   2:08 
Maxim Talbot             0  0  0   0  0   1  1  1  1  0  6/9    14:01   0:00   2:08 
Michael Del Zotto        0  0  0   1  0   1  1  0  1  0  0/0    18:48   0:52   0:00 
Nazem Kadri              0  0  0   0  2   6  1  0  1  2  4/6    16:23   0:43   0:19 
Tyler Ennis              0  0  0   0  0   3  2  0  1  0  0/0    15:51   0:43   0:00 
Zach Parise              0  0  0   0  0   7  1  1  1  0  0/0    20:00   1:16   1:09 

3 Stars

1 - Chris Neil (Ari)
2 - Josh Gorges (Ari)
3 - Martin Samuelsson (Ari)

Power Play

Lightning - 0 on 2 Attempt(s) - 0.00%
Coyotes - 0 on 1 Attempt(s) - 0.00%

Penalty Kill

Lightning - 1 on 1 Attempt(s) - 100.00% - Score 0 goal in Penalty Kill
Coyotes - 2 on 2 Attempt(s) - 100.00% - Score 0 goal in Penalty Kill

Team Stat

Lightning - Hits : 28 - Faceoff Wins : 21 - Blocked Shots : 5 - Penalty Minutes : 2
Coyotes - Hits : 19 - Faceoff Wins : 26 - Blocked Shots : 10 - Penalty Minutes : 4

Official

Referees : Rooney Chris and Furlatt Eric
Linesman : Thor Nelson and Brian Mach

Game Notes

No Game Note

Finance

Level 1 -- Attendance: 5843 (97.38%) -- Ticket Income $525,870
Level 2 -- Attendance: 4665 (93.30%) -- Ticket Income $247,245
Level 3 -- Attendance: 1780 (89.00%) -- Ticket Income $65,860
Level 4 -- Attendance: 3495 (87.38%) -- Ticket Income $90,870
Luxury Box -- Attendance: 1000 (100.00%) -- Ticket Income $163,000
Game was played at the The Pack Center.
Total Attendance: 16783 (93.24%)
Total Ticket Income: $1,092,845
Other Income: $163,927
Total Income: $1,256,772

Lightning

5 vs 5 Forward 
   Center                   Left Wing                Right Wing               Time % Phy DF OF 
 1 Robert Nilsson           Henrik Zetterberg        Reilly Smith             40     1   2  2  
 2 Jordan Nolan             Daniel Carcillo          Kris Versteeg            30     1   2  2  
 3 Pierre-Marc Bouchard     Loui Eriksson            Steve Bernier            20     1   2  2  
 4 Mikael Backlund          Pierre-Luc Létourneau    Sheldon Keefe            10     1   2  2  

5 vs 5 Defense 
   Defense                  Defense                                           Time % Phy DF OF 
 1 Jeff Schultz             John Carlson                                      40     1   2  2  
 2 Brent Burns              Danny Richmond                                    30     1   2  2  
 3 Andy Rogers              Justin Schultz                                    20     1   2  2  
 4 Jeff Schultz             Brent Burns                                       10     1   2  2  

PowerPlay Forward 
   Center                   Left Wing                Right Wing               Time % Phy DF OF 
 1 Robert Nilsson           Henrik Zetterberg        Kris Versteeg            60     1   2  2  
 2 Pierre-Marc Bouchard     Daniel Carcillo          Steve Bernier            40     1   2  2  

PowerPlay Defense
   Defense                  Defense                                           Time % Phy DF OF 
 1 John Carlson             Brent Burns                                       60     1   2  2  
 2 Jeff Schultz             Danny Richmond                                    40     1   2  2  

Penalty Kill 4 Players Forward 
   Center                   Wing                     Time % Phy DF OF 
 1 Mikael Backlund          Sheldon Keefe            60     1   2  2  
 2 Robert Nilsson           Daniel Carcillo          40     1   2  2  

Penalty Kill 4 Players Defense
   Defense                  Defense                  Time % Phy DF OF 
 1 Jeff Schultz             Andy Rogers              60     1   2  2  
 2 Brent Burns              Danny Richmond           40     1   2  2  

Penalty Kill - 3 Players Forward 
   Forward                                           Time % Phy DF OF 
 1 Henrik Zetterberg                                 60     1   2  2  
 2 Kris Versteeg                                     40     1   2  2  

Penalty Kill - 3 Players Defense
   Defense                  Defense                  Time % Phy DF OF 
 1 Jeff Schultz             Brent Burns              60     1   2  2  
 2 John Carlson             Danny Richmond           40     1   2  2  

4 vs 4 Forward 
   Center                   Wing                     Time % Phy DF OF 
 1 Robert Nilsson           Kris Versteeg            60     1   2  2  
 2 Jordan Nolan             Henrik Zetterberg        40     1   2  2  

4 vs 4 Defense
   Defense                  Defense                  Time % Phy DF OF 
 1 Jeff Schultz             Brent Burns              60     1   2  2  
 2 John Carlson             Danny Richmond           40     1   2  2  

Last Minutes Offensive
   Center                   Left Wing                Right Wing               Defense                  Defense                  
   Robert Nilsson           Henrik Zetterberg        Kris Versteeg            Jeff Schultz             Brent Burns              

Last Minutes Defensive
   Center                   Left Wing                Right Wing               Defense                  Defense                  
   Robert Nilsson           Henrik Zetterberg        Kris Versteeg            Jeff Schultz             Brent Burns              

Goaltenders
Starting : Jaroslav Halak           
Backup : Adam Munro               

Extra Forwards
Normal : Jordan Nolan, Loui Eriksson, Sheldon Keefe - PP : Jordan Nolan, Loui Eriksson - PK : Sheldon Keefe
Extra Defensemen
Normal : Andy Rogers, Justin Schultz, John Carlson - PP : Andy Rogers - PK : Justin Schultz, John Carlson
Penalty Shots
Henrik Zetterberg, Kris Versteeg, Robert Nilsson, Pierre-Marc Bouchard, Jordan Nolan

Scratches
None

Coyotes

5 vs 5 Forward 
   Center                   Left Wing                Right Wing               Time % Phy DF OF 
 1 Brad Richards            Zach Parise              Marian Gaborik           40     0   2  3  
 2 Nazem Kadri              Tyler Ennis              Chris Stewart            30     0   2  3  
 3 Maxim Talbot             Mark Bell                Enver Lisin              20     1   2  2  
 4 Brooks Laich             Martin Samuelsson        Chris Neil               10     1   2  2  

5 vs 5 Defense 
   Defense                  Defense                                           Time % Phy DF OF 
 1 Kristopher Letang        Anton Stralman                                    42     0   3  2  
 2 Eric Brewer              Michael Del Zotto                                 32     0   3  2  
 3 Josh Gorges              Greg Zanon                                        26     0   3  2  
 4 Kristopher Letang        Anton Stralman                                    0      1   2  2  

PowerPlay Forward 
   Center                   Left Wing                Right Wing               Time % Phy DF OF 
 1 Brad Richards            Zach Parise              Marian Gaborik           60     0   1  4  
 2 Nazem Kadri              Tyler Ennis              Chris Stewart            40     0   1  4  

PowerPlay Defense
   Defense                  Defense                                           Time % Phy DF OF 
 1 Kristopher Letang        Anton Stralman                                    60     0   2  3  
 2 Eric Brewer              Michael Del Zotto                                 40     0   2  3  

Penalty Kill 4 Players Forward 
   Center                   Wing                     Time % Phy DF OF 
 1 Maxim Talbot             Martin Samuelsson        60     1   3  1  
 2 Brad Richards            Zach Parise              40     1   3  1  

Penalty Kill 4 Players Defense
   Defense                  Defense                  Time % Phy DF OF 
 1 Greg Zanon               Josh Gorges              60     1   4  0  
 2 Anton Stralman           Eric Brewer              40     1   4  0  

Penalty Kill - 3 Players Forward 
   Forward                                           Time % Phy DF OF 
 1 Zach Parise                                       60     1   3  1  
 2 Marian Gaborik                                    40     1   3  1  

Penalty Kill - 3 Players Defense
   Defense                  Defense                  Time % Phy DF OF 
 1 Kristopher Letang        Greg Zanon               60     1   4  0  
 2 Eric Brewer              Josh Gorges              40     1   4  0  

4 vs 4 Forward 
   Center                   Wing                     Time % Phy DF OF 
 1 Brad Richards            Marian Gaborik           60     1   2  2  
 2 Nazem Kadri              Tyler Ennis              40     1   2  2  

4 vs 4 Defense
   Defense                  Defense                  Time % Phy DF OF 
 1 Kristopher Letang        Anton Stralman           60     1   2  2  
 2 Eric Brewer              Michael Del Zotto        40     1   2  2  

Last Minutes Offensive
   Center                   Left Wing                Right Wing               Defense                  Defense                  
   Brad Richards            Zach Parise              Marian Gaborik           Kristopher Letang        Anton Stralman           

Last Minutes Defensive
   Center                   Left Wing                Right Wing               Defense                  Defense                  
   Brad Richards            Zach Parise              Marian Gaborik           Kristopher Letang        Anton Stralman           

Goaltenders
Starting : Maxime Daigneault        
Backup : Cam Ward                 

Extra Forwards
Normal : Mark Bell, Maxim Talbot, Brooks Laich - PP : Mark Bell, Maxim Talbot - PK : Brooks Laich
Extra Defensemen
Normal : Michael Del Zotto, Josh Gorges, Eric Brewer - PP : Josh Gorges - PK : Michael Del Zotto, Eric Brewer
Penalty Shots
Zach Parise, Marian Gaborik, Tyler Ennis, Brad Richards, Nazem Kadri

Scratches
Steve Ott (Healthy)

% Time on Ice - Lightning

Lines # - Real PCT - Wanted PCT - Time Play
Normal Forward
1 - 32% - 40% - 17:24
2 - 31% - 30% - 16:58
3 - 21% - 20% - 11:18
4 - 16% - 10% - 8:23
Normal Defense
1 - 35% - 40% - 19:04
2 - 33% - 30% - 17:53
3 - 27% - 20% - 14:33
4 - 5% - 10% - 2:33
PP Forward
1 - 54% - 60% - 2:09
2 - 46% - 40% - 1:49
PP Defense
1 - 55% - 60% - 2:10
2 - 45% - 40% - 1:48
PK Forward
1 - 82% - 60% - 1:37
2 - 18% - 40% - 0:22
PK Defense
1 - 60% - 60% - 1:11
2 - 40% - 40% - 0:48
PK3 Forward
1 - 0% - 60%
2 - 0% - 40%
PK3 Defense
1 - 0% - 60%
2 - 0% - 40%
44 Forward
1 - 0% - 60%
2 - 0% - 40%
44 Defense
1 - 0% - 60%
2 - 0% - 40%
Last Minute Offensive  - 0:00
Last Minute Defensive  - 0:00
Total
Forward - 60:00
Defense - 60:00

% Time on Ice - Coyotes

Lines # - Real PCT - Wanted PCT - Time Play
Normal Forward
1 - 34% - 40% - 18:10
2 - 32% - 30% - 17:17
3 - 19% - 20% - 10:18
4 - 15% - 10% - 8:18
Normal Defense
1 - 40% - 42% - 21:43
2 - 32% - 32% - 17:32
3 - 27% - 26% - 14:48
4 - 0% - 0% - 0:00
PP Forward
1 - 64% - 60% - 1:16
2 - 36% - 40% - 0:43
PP Defense
1 - 56% - 60% - 1:07
2 - 44% - 40% - 0:52
PK Forward
1 - 71% - 60% - 2:49
2 - 29% - 40% - 1:09
PK Defense
1 - 62% - 60% - 2:28
2 - 38% - 40% - 1:30
PK3 Forward
1 - 0% - 60%
2 - 0% - 40%
PK3 Defense
1 - 0% - 60%
2 - 0% - 40%
44 Forward
1 - 0% - 60%
2 - 0% - 40%
44 Defense
1 - 0% - 60%
2 - 0% - 40%
Last Minute Offensive  - 0:00
Last Minute Defensive  - 0:00
Total
Forward - 60:00
Defense - 60:00

Play by Play

1st period


0:01 of 1st period - Robert Nilsson wins face-off versus Brad Richards in neutral zone.
1:14 of 1st period - Wrist shot by Brooks Laich.
1:14 of 1st period - Stopped by Jaroslav Halak with a rebound.
1:16 of 1st period - Wrist shot by Chris Neil.
1:16 of 1st period - Shot Misses the Net.
1:18 of 1st period - Slapshot by Chris Neil.
1:18 of 1st period - Goal by Chris Neil - Lightning : 0 - Coyotes : 1.
1:19 of 1st period - Reilly Smith wins face-off versus Brad Richards in neutral zone.
1:22 of 1st period - Snap shot by Robert Nilsson.
1:22 of 1st period - Stopped by Maxime Daigneault with a rebound.
1:24 of 1st period - Slapshot by Brent Burns.
1:24 of 1st period - Shot Blocked by Zach Parise.
1:26 of 1st period - Slapshot by Jeff Schultz.
1:26 of 1st period - Shot Misses the Net.
1:28 of 1st period - Slapshot by Reilly Smith.
1:28 of 1st period - Deflect By Robert Nilsson.
1:28 of 1st period - Shot Blocked by Greg Zanon.
1:28 of 1st period - Puck is out of play.
1:29 of 1st period - Brad Richards wins face-off versus Robert Nilsson in Coyotes zone.
1:35 of 1st period - Off-side.
1:36 of 1st period - Nazem Kadri wins face-off versus Jordan Nolan in neutral zone.
2:28 of 1st period - Snap shot by Nazem Kadri.
2:28 of 1st period - Stopped by Jaroslav Halak with a rebound.
2:36 of 1st period - Snap shot by Tyler Ennis.
2:36 of 1st period - Stopped by Jaroslav Halak with a rebound.
2:54 of 1st period - Slapshot by Steve Bernier.
2:54 of 1st period - Deflect By Pierre-Marc Bouchard.
2:54 of 1st period - Stopped by Maxime Daigneault with a rebound.
3:21 of 1st period - Snap shot by Nazem Kadri.
3:21 of 1st period - Stopped by Jaroslav Halak with a rebound.
3:23 of 1st period - Wrist shot by Eric Brewer.
3:23 of 1st period - Deflect By Chris Stewart.
3:23 of 1st period - Stopped by Jaroslav Halak without a rebound.
3:24 of 1st period - Brad Richards wins face-off versus Robert Nilsson in Lightning zone.
3:37 of 1st period - Snap shot by Henrik Zetterberg.
3:37 of 1st period - Deflect By Robert Nilsson.
3:37 of 1st period - Shot Misses the Net.
3:37 of 1st period - Puck is out of play.
3:38 of 1st period - Robert Nilsson wins face-off versus Brad Richards in Coyotes zone.
3:41 of 1st period - Wrist shot by Robert Nilsson.
3:41 of 1st period - Shot Blocked by Brad Richards.
4:05 of 1st period - Daniel Carcillo is hit by Maxim Talbot and loses puck.
5:00 of 1st period - Icing by Reilly Smith.
5:01 of 1st period - Robert Nilsson wins face-off versus Maxim Talbot in Lightning zone.
5:28 of 1st period - Eric Brewer is hit by Robert Nilsson and loses puck.
6:59 of 1st period - Wrist shot by Henrik Zetterberg.
6:59 of 1st period - Shot Misses the Net.
7:38 of 1st period - Slapshot by Kris Versteeg.
7:38 of 1st period - Deflect By Anton Stralman.
7:38 of 1st period - Stopped by Maxime Daigneault without a rebound.
7:39 of 1st period - Maxim Talbot wins face-off versus Jordan Nolan in Coyotes zone.
7:52 of 1st period - Snap shot by Maxim Talbot.
7:52 of 1st period - Shot Hit the Post.
8:06 of 1st period - Maxim Talbot is hit by Daniel Carcillo and loses puck.
8:12 of 1st period - Off-side.
8:13 of 1st period - Brad Richards wins face-off versus Robert Nilsson in neutral zone.
8:24 of 1st period - Slapshot by Zach Parise.
8:24 of 1st period - Shot Misses the Net.
8:26 of 1st period - Snap shot by Zach Parise.
8:26 of 1st period - Stopped by Jaroslav Halak with a rebound.
8:28 of 1st period - Wrist shot by Brad Richards.
8:28 of 1st period - Shot Blocked by Henrik Zetterberg.
8:40 of 1st period - Anton Stralman is hit by Pierre-Marc Bouchard and loses puck.
8:51 of 1st period - Slapshot by Pierre-Marc Bouchard.
8:51 of 1st period - Stopped by Maxime Daigneault without a rebound.
8:52 of 1st period - Brad Richards wins face-off versus Jordan Nolan in Coyotes zone.
9:17 of 1st period - John Carlson is hit by Tyler Ennis.
9:49 of 1st period - Wrist shot by Maxim Talbot.
9:49 of 1st period - Stopped by Jaroslav Halak without a rebound.
9:50 of 1st period - Brad Richards wins face-off versus Jordan Nolan in Lightning zone.
11:20 of 1st period - Jeff Schultz is hit by Josh Gorges and loses puck.
11:28 of 1st period - Off-side.
11:29 of 1st period - Henrik Zetterberg wins face-off versus Brad Richards in neutral zone.
12:00 of 1st period - Wrist shot by Kris Versteeg.
12:00 of 1st period - Shot Misses the Net.
12:36 of 1st period - Chris Neil is hit by Steve Bernier and loses puck.
13:01 of 1st period - Brad Richards is hit by Daniel Carcillo and loses puck.
13:24 of 1st period - Snap shot by Robert Nilsson.
13:24 of 1st period - Shot Misses the Net.
13:29 of 1st period - Minor Penalty to Nazem Kadri for High sticking.
13:30 of 1st period - Maxim Talbot wins face-off versus Robert Nilsson in Coyotes zone.
13:40 of 1st period - Snap shot by Henrik Zetterberg.
13:40 of 1st period - Shot Misses the Net.
15:29 of 1st period - Penalty to Nazem Kadri is over, Nazem Kadri is back on ice.
15:36 of 1st period - Slapshot by Kristopher Letang.
15:36 of 1st period - Shot Blocked by Reilly Smith.
15:47 of 1st period - Reilly Smith is hit by Eric Brewer and loses puck.
16:08 of 1st period - Justin Schultz is hit by Eric Brewer and loses puck.
16:47 of 1st period - Justin Schultz is hit by Kristopher Letang and loses puck.
17:02 of 1st period - Slapshot by Zach Parise.
17:02 of 1st period - Shot Misses the Net.
17:14 of 1st period - Mikael Backlund is hit by Enver Lisin and loses puck.
17:33 of 1st period - Snap shot by Pierre-Marc Bouchard.
17:33 of 1st period - Stopped by Maxime Daigneault without a rebound.
17:34 of 1st period - Pierre-Marc Bouchard wins face-off versus Martin Samuelsson in Coyotes zone.
17:37 of 1st period - Backhand shot by Pierre-Marc Bouchard.
17:37 of 1st period - Shot Blocked by Brooks Laich.
17:55 of 1st period - Slapshot by Greg Zanon.
17:55 of 1st period - Stopped by Jaroslav Halak with a rebound.
17:57 of 1st period - Wrist shot by Chris Neil.
17:57 of 1st period - Shot Misses the Net.
17:59 of 1st period - Snap shot by Josh Gorges.
17:59 of 1st period - Goal by Josh Gorges - Lightning : 0 - Coyotes : 2.
18:00 of 1st period - Robert Nilsson wins face-off versus Brad Richards in neutral zone.
18:27 of 1st period - Anton Stralman is hit by Pierre-Marc Bouchard and loses puck.
18:32 of 1st period - Wrist shot by Pierre-Marc Bouchard.
18:32 of 1st period - Shot Misses the Net.
19:49 of 1st period - Chris Neil is hit by Jeff Schultz and loses puck.
Goals for this period are 0 for Lightning vs 2 for Coyotes.
Shots for this period are 5 for Lightning vs 10 for Coyotes.

2nd period


0:01 of 2nd period - Robert Nilsson wins face-off versus Brad Richards in neutral zone.
0:14 of 2nd period - Snap shot by Zach Parise.
0:14 of 2nd period - Stopped by Jaroslav Halak with a rebound.
0:26 of 2nd period - Daniel Carcillo is hit by Tyler Ennis and loses puck.
0:45 of 2nd period - Nazem Kadri is hit by John Carlson.
0:53 of 2nd period - Wrist shot by Chris Stewart.
0:53 of 2nd period - Stopped by Jaroslav Halak without a rebound.
0:54 of 2nd period - Brad Richards wins face-off versus Robert Nilsson in Lightning zone.
0:55 of 2nd period - Wrist shot by Marian Gaborik.
0:55 of 2nd period - Stopped by Jaroslav Halak with a rebound.
1:05 of 2nd period - Zach Parise is hit by Danny Richmond and loses puck.
1:20 of 2nd period - Enver Lisin is hit by Steve Bernier.
1:48 of 2nd period - Snap shot by Danny Richmond.
1:48 of 2nd period - Stopped by Maxime Daigneault without a rebound.
1:49 of 2nd period - Marian Gaborik wins face-off versus Robert Nilsson in Coyotes zone.
1:49 of 2nd period - Marian Gaborik is hit by Reilly Smith.
2:15 of 2nd period - Jordan Nolan is hit by Greg Zanon and loses puck.
2:59 of 2nd period - Kristopher Letang is hit by Robert Nilsson and loses puck.
3:49 of 2nd period - Off-side.
3:50 of 2nd period - Mikael Backlund wins face-off versus Brad Richards in neutral zone.
4:01 of 2nd period - Wrist shot by John Carlson.
4:01 of 2nd period - Stopped by Maxime Daigneault with a rebound.
4:17 of 2nd period - Snap shot by Zach Parise.
4:17 of 2nd period - Stopped by Jaroslav Halak with a rebound.
4:19 of 2nd period - Slapshot by Michael Del Zotto.
4:19 of 2nd period - Stopped by Jaroslav Halak with a rebound.
4:23 of 2nd period - Wrist shot by Zach Parise.
4:23 of 2nd period - Deflect By Brad Richards.
4:23 of 2nd period - Shot Blocked by Sheldon Keefe.
4:23 of 2nd period - Puck is out of play.
4:24 of 2nd period - Nazem Kadri wins face-off versus Robert Nilsson in Lightning zone.
4:27 of 2nd period - Backhand shot by Tyler Ennis.
4:27 of 2nd period - Stopped by Jaroslav Halak with a rebound.
4:29 of 2nd period - Snap shot by Tyler Ennis.
4:29 of 2nd period - Shot Misses the Net.
4:31 of 2nd period - Slapshot by Tyler Ennis.
4:31 of 2nd period - Stopped by Jaroslav Halak with a rebound.
4:33 of 2nd period - Slapshot by Kristopher Letang.
4:33 of 2nd period - Shot Misses the Net.
4:39 of 2nd period - Snap shot by Nazem Kadri.
4:39 of 2nd period - Stopped by Jaroslav Halak with a rebound.
4:41 of 2nd period - Slapshot by Nazem Kadri.
4:41 of 2nd period - Stopped by Jaroslav Halak without a rebound.
4:42 of 2nd period - Jordan Nolan wins face-off versus Brad Richards in Lightning zone.
5:09 of 2nd period - Chris Stewart is hit by Jeff Schultz.
5:14 of 2nd period - Off-side.
5:15 of 2nd period - Robert Nilsson wins face-off versus Maxim Talbot in neutral zone.
6:26 of 2nd period - Pierre-Luc Létourneau is hit by Martin Samuelsson and loses puck.
6:33 of 2nd period - Wrist shot by Jeff Schultz.
6:33 of 2nd period - Shot Blocked by Josh Gorges.
6:35 of 2nd period - Slapshot by Pierre-Luc Létourneau.
6:35 of 2nd period - Goal by Pierre-Luc Létourneau - Lightning : 1 - Coyotes : 2.
6:36 of 2nd period - Brad Richards wins face-off versus Robert Nilsson in neutral zone.
7:11 of 2nd period - Anton Stralman is hit by Kris Versteeg and loses puck.
7:32 of 2nd period - Slapshot by Maxim Talbot.
7:32 of 2nd period - Deflect By Enver Lisin.
7:32 of 2nd period - Shot Blocked by Danny Richmond.
7:32 of 2nd period - Puck is out of play.
7:33 of 2nd period - Reilly Smith wins face-off versus Brad Richards in Lightning zone.
7:33 of 2nd period - Reilly Smith is hit by Zach Parise.
7:36 of 2nd period - Minor Penalty to Danny Richmond for Hooking.
7:37 of 2nd period - Mikael Backlund wins face-off versus Brad Richards in Lightning zone.
7:47 of 2nd period - Slapshot by Marian Gaborik.
7:47 of 2nd period - Stopped by Jaroslav Halak without a rebound.
7:48 of 2nd period - Brad Richards wins face-off versus Mikael Backlund in Lightning zone.
9:26 of 2nd period - Marian Gaborik is hit by Brent Burns and loses puck.
9:30 of 2nd period - Icing by Brad Richards.
9:31 of 2nd period - Brad Richards wins face-off versus Jordan Nolan in Coyotes zone.
9:36 of 2nd period - Penalty to Danny Richmond is over, Danny Richmond is back on ice.
9:44 of 2nd period - Slapshot by Brent Burns.
9:44 of 2nd period - Shot Blocked by Maxim Talbot.
9:46 of 2nd period - Wrist shot by Jeff Schultz.
9:46 of 2nd period - Shot Misses the Net.
9:48 of 2nd period - Snap shot by Jeff Schultz.
9:48 of 2nd period - Stopped by Maxime Daigneault with a rebound.
10:36 of 2nd period - Off-side.
10:37 of 2nd period - Robert Nilsson wins face-off versus Brad Richards in neutral zone.
11:51 of 2nd period - Slapshot by Josh Gorges.
11:51 of 2nd period - Stopped by Jaroslav Halak without a rebound.
11:52 of 2nd period - Martin Samuelsson wins face-off versus Robert Nilsson in Lightning zone.
11:53 of 2nd period - Snap shot by Brooks Laich.
11:53 of 2nd period - Shot Misses the Net.
12:23 of 2nd period - Wrist shot by Martin Samuelsson.
12:23 of 2nd period - Stopped by Jaroslav Halak with a rebound.
13:10 of 2nd period - Danny Richmond is hit by Brad Richards and loses puck.
13:15 of 2nd period - Backhand shot by Marian Gaborik.
13:15 of 2nd period - Stopped by Jaroslav Halak without a rebound.
13:16 of 2nd period - Nazem Kadri wins face-off versus Robert Nilsson in Lightning zone.
13:24 of 2nd period - Off-side.
13:25 of 2nd period - Nazem Kadri wins face-off versus Reilly Smith in neutral zone.
13:28 of 2nd period - Henrik Zetterberg is hit by Josh Gorges and loses puck.
14:23 of 2nd period - Snap shot by Reilly Smith.
14:23 of 2nd period - Stopped by Maxime Daigneault without a rebound.
14:24 of 2nd period - Jordan Nolan wins face-off versus Brad Richards in Coyotes zone.
14:25 of 2nd period - Wrist shot by Kris Versteeg.
14:25 of 2nd period - Shot Blocked by Kristopher Letang.
14:27 of 2nd period - Slapshot by Danny Richmond.
14:27 of 2nd period - Shot Blocked by Marian Gaborik.
14:29 of 2nd period - Snap shot by Kris Versteeg.
14:29 of 2nd period - Shot Hit the Post.
14:49 of 2nd period - Mark Bell is hit by Brent Burns and loses puck.
15:15 of 2nd period - Slapshot by Chris Neil.
15:15 of 2nd period - Goal by Chris Neil - Lightning : 1 - Coyotes : 3.
15:16 of 2nd period - Henrik Zetterberg wins face-off versus Brad Richards in neutral zone.
16:14 of 2nd period - Slapshot by Steve Bernier.
16:14 of 2nd period - Shot Blocked by Kristopher Letang.
16:16 of 2nd period - Wrist shot by Loui Eriksson.
16:16 of 2nd period - Stopped by Maxime Daigneault with a rebound.
16:26 of 2nd period - Anton Stralman is hit by Pierre-Luc Létourneau and loses puck.
16:57 of 2nd period - Zach Parise is hit by Danny Richmond and loses puck.
17:06 of 2nd period - Henrik Zetterberg is hit by Marian Gaborik and loses puck.
17:21 of 2nd period - Slapshot by Zach Parise.
17:21 of 2nd period - Shot Misses the Net.
17:29 of 2nd period - Wrist shot by Zach Parise.
17:29 of 2nd period - Stopped by Jaroslav Halak without a rebound.
17:30 of 2nd period - Jordan Nolan wins face-off versus Nazem Kadri in Lightning zone.
17:43 of 2nd period - Slapshot by Kris Versteeg.
17:43 of 2nd period - Deflect By Daniel Carcillo.
17:43 of 2nd period - Stopped by Maxime Daigneault with a rebound.
17:55 of 2nd period - Pierre-Marc Bouchard is hit by Michael Del Zotto and loses puck.
19:00 of 2nd period - Brad Richards is hit by Justin Schultz and loses puck.
19:36 of 2nd period - Off-side.
19:37 of 2nd period - Brooks Laich wins face-off versus Mikael Backlund in neutral zone.
19:41 of 2nd period - Anton Stralman is hit by Brent Burns and loses puck.
19:52 of 2nd period - Snap shot by Mikael Backlund.
19:52 of 2nd period - Stopped by Maxime Daigneault without a rebound.
19:53 of 2nd period - Brad Richards wins face-off versus Robert Nilsson in Coyotes zone.
Goals for this period are 1 for Lightning vs 1 for Coyotes.
Shots for this period are 8 for Lightning vs 15 for Coyotes.

3rd period


0:01 of 3rd period - Brad Richards wins face-off versus Robert Nilsson in neutral zone.
0:27 of 3rd period - Tyler Ennis is hit by Jeff Schultz and loses puck.
1:32 of 3rd period - Snap shot by Zach Parise.
1:32 of 3rd period - Stopped by Jaroslav Halak without a rebound.
1:33 of 3rd period - Brad Richards wins face-off versus Robert Nilsson in Lightning zone.
1:37 of 3rd period - Icing by John Carlson.
1:38 of 3rd period - Robert Nilsson wins face-off versus Brad Richards in Lightning zone.
1:42 of 3rd period - Minor Penalty to Brad Richards for Tripping.
1:43 of 3rd period - Maxim Talbot wins face-off versus Robert Nilsson in Coyotes zone.
1:57 of 3rd period - Wrist shot by Kris Versteeg.
1:57 of 3rd period - Shot Blocked by Martin Samuelsson.
1:59 of 3rd period - Snap shot by Kris Versteeg.
1:59 of 3rd period - Stopped by Maxime Daigneault with a rebound.
3:23 of 3rd period - Slapshot by Nazem Kadri.
3:23 of 3rd period - Stopped by Jaroslav Halak without a rebound.
3:24 of 3rd period - Robert Nilsson wins face-off versus Maxim Talbot in Lightning zone.
3:42 of 3rd period - Penalty to Brad Richards is over, Brad Richards is back on ice.
4:12 of 3rd period - Snap shot by Nazem Kadri.
4:12 of 3rd period - Deflect By Andy Rogers.
4:12 of 3rd period - Stopped by Jaroslav Halak with a rebound.
4:32 of 3rd period - Wrist shot by Kris Versteeg.
4:32 of 3rd period - Stopped by Maxime Daigneault without a rebound.
4:33 of 3rd period - Maxim Talbot wins face-off versus Robert Nilsson in Coyotes zone.
4:59 of 3rd period - Mark Bell is hit by Pierre-Marc Bouchard and loses puck.
5:26 of 3rd period - Slapshot by Zach Parise.
5:26 of 3rd period - Stopped by Jaroslav Halak with a rebound.
5:28 of 3rd period - Wrist shot by Zach Parise.
5:28 of 3rd period - Shot Misses the Net.
5:30 of 3rd period - Slapshot by Greg Zanon.
5:30 of 3rd period - Shot Misses the Net.
6:10 of 3rd period - Loui Eriksson is hit by Greg Zanon and loses puck.
6:27 of 3rd period - Slapshot by Robert Nilsson.
6:27 of 3rd period - Deflect By Tyler Ennis.
6:27 of 3rd period - Shot Misses the Net.
6:27 of 3rd period - Puck is out of play.
6:28 of 3rd period - Brad Richards wins face-off versus Henrik Zetterberg in Coyotes zone.
7:54 of 3rd period - Slapshot by Anton Stralman.
7:54 of 3rd period - Stopped by Jaroslav Halak with a rebound.
8:08 of 3rd period - Tyler Ennis is hit by Danny Richmond and loses puck.
8:21 of 3rd period - Slapshot by Brent Burns.
8:21 of 3rd period - Deflect By Steve Bernier.
8:21 of 3rd period - Stopped by Maxime Daigneault with a rebound.
8:23 of 3rd period - Snap shot by Loui Eriksson.
8:23 of 3rd period - Stopped by Maxime Daigneault with a rebound.
8:25 of 3rd period - Slapshot by Danny Richmond.
8:25 of 3rd period - Shot Misses the Net.
8:27 of 3rd period - Slapshot by Brent Burns.
8:27 of 3rd period - Stopped by Maxime Daigneault with a rebound.
8:46 of 3rd period - Martin Samuelsson is hit by Justin Schultz and loses puck.
9:03 of 3rd period - Backhand shot by Tyler Ennis.
9:03 of 3rd period - Shot Misses the Net.
9:05 of 3rd period - Wrist shot by Chris Stewart.
9:05 of 3rd period - Shot Misses the Net.
9:17 of 3rd period - Wrist shot by Sheldon Keefe.
9:17 of 3rd period - Shot Misses the Net.
9:19 of 3rd period - Wrist shot by Mikael Backlund.
9:19 of 3rd period - Stopped by Maxime Daigneault without a rebound.
9:20 of 3rd period - Maxim Talbot wins face-off versus Mikael Backlund in Coyotes zone.
9:27 of 3rd period - Wrist shot by Enver Lisin.
9:27 of 3rd period - Deflect By Mark Bell.
9:27 of 3rd period - Stopped by Jaroslav Halak without a rebound.
9:28 of 3rd period - Maxim Talbot wins face-off versus Robert Nilsson in Lightning zone.
9:57 of 3rd period - Off-side.
9:58 of 3rd period - Jordan Nolan wins face-off versus Brad Richards in neutral zone.
10:41 of 3rd period - Snap shot by Jordan Nolan.
10:41 of 3rd period - Shot Misses the Net.
10:55 of 3rd period - Slapshot by Zach Parise.
10:55 of 3rd period - Shot Misses the Net.
10:57 of 3rd period - Backhand shot by Brad Richards.
10:57 of 3rd period - Stopped by Jaroslav Halak with a rebound.
11:45 of 3rd period - Snap shot by Zach Parise.
11:45 of 3rd period - Stopped by Jaroslav Halak with a rebound.
11:47 of 3rd period - Snap shot by Brad Richards.
11:47 of 3rd period - Shot Misses the Net.
11:49 of 3rd period - Slapshot by Michael Del Zotto.
11:49 of 3rd period - Shot Blocked by Daniel Carcillo.
12:07 of 3rd period - Snap shot by Daniel Carcillo.
12:07 of 3rd period - Deflect By Kris Versteeg.
12:07 of 3rd period - Shot Misses the Net.
12:07 of 3rd period - Puck is out of play.
12:08 of 3rd period - Robert Nilsson wins face-off versus Nazem Kadri in Coyotes zone.
12:11 of 3rd period - Wrist shot by Robert Nilsson.
12:11 of 3rd period - Stopped by Maxime Daigneault with a rebound.
13:18 of 3rd period - Greg Zanon is hit by John Carlson and loses puck.
13:46 of 3rd period - Mikael Backlund is hit by Chris Neil and loses puck.
14:13 of 3rd period - Mark Bell is hit by Reilly Smith and loses puck.
14:28 of 3rd period - Jeff Schultz is hit by Greg Zanon and loses puck.
14:46 of 3rd period - Justin Schultz is hit by Nazem Kadri and loses puck.
14:57 of 3rd period - Tyler Ennis is hit by Reilly Smith and loses puck.
19:56 of 3rd period - Maxim Talbot is hit by Danny Richmond and loses puck.
Goals for this period are 0 for Lightning vs 0 for Coyotes.
Shots for this period are 7 for Lightning vs 8 for Coyotes.